 Dungeon Crawl Stone Soup version 0.29-a0-22-gbf593b16ee (webtiles) character file.

Game seed: 16613971315174104113

33070 riojii the Blocker (level 14, -1/113 HPs)
             Began as a Formicid Fighter on Jan 30, 2022.
             Was an Elder of Makhleb.
             Slain by an 11-headed hydra (12 damage)
             ... on level 4 of the Lair of Beasts.
             The game lasted 00:28:39 (18575 turns).

riojii the Blocker (Formicid Fighter)              Turns: 18575, Time: 00:28:40

Health: -1/113     AC: 21    Str: 21    XL:     14   Next: 6%
Magic:  14/14      EV: 12    Int:  9    God:    Makhleb [****..]
Gold:   1338       SH:  8    Dex: 16    Spells: 13/13 levels left

rFire   + + .      SeeInvis +   a - +5 war axe (spect)
rCold   . . .      Faith    .   c - +0 buckler
rNeg    . . .      Spirit   .   n - +0 chain mail
rPois   +          Reflect  .   (helmet unavailable)
rElec   .          Harm     .   l - +1 cloak
rCorr   .          Rampage  .   o - +2 pair of gloves
Will    +....                   u - +2 pair of boots
Stlth   ..........              j - amulet of magic regeneration
HPRegen 0.28/turn               h - ring of protection from fire
MPRegen 0.54/turn               t - ring of poison resistance

@: studying Shields
A: permanent stasis, dig shafts and tunnels, antennae 3, four strong arms, agile
1, fire resistance 1
a: Dig, Shaft Self, Renounce Religion, Minor Destruction, Lesser Servant of
Makhleb, Major Destruction


You were on level 4 of the Lair of Beasts.
You worshipped Makhleb.
Makhleb was greatly pleased with you.
You visited 3 branches of the dungeon, and saw 16 of its levels.

You collected 2458 gold pieces.
You spent 1120 gold pieces at shops.

Inventory:

Hand Weapons
 a - a +5 spectral war axe (weapon)
Missiles
 q - 4 throwing nets
Armour
 c - a +0 buckler (worn)
 l - a +1 cloak (worn)
 n - a +0 chain mail (worn)
 o - a +2 pair of gloves (worn)
 u - a +2 pair of boots (worn)
Jewellery
 e - a +6 ring of intelligence
 h - a ring of protection from fire (left hand)
 j - an amulet of magic regeneration (around neck)
 t - a ring of poison resistance (right hand)
 v - a ring of magical power
 B - a ring of protection from cold
Wands
 b - a wand of flame (45)
 C - a wand of iceblast (4)
Scrolls
 i - 7 scrolls of immolation
 r - 6 scrolls of identify
 s - a scroll of fog
 w - a scroll of magic mapping
 x - 3 scrolls of amnesia {unknown}
 y - 2 scrolls of holy word
 E - a scroll of enchant weapon
 G - a scroll of fear
Potions
 d - a potion of might
 f - 2 potions of attraction
 g - 10 potions of curing
 k - 4 potions of lignification
 m - 2 potions of invisibility
 p - 7 potions of heal wounds
 z - a potion of magic
 D - a potion of flight
Miscellaneous
 A - a phantom mirror
 F - a piece from Xom's chessboard (15/15)


   Skills:
 * Level 11.4 Fighting
 * Level 13.6 Axes
 + Level 11.0 Armour
 + Level 8.6 Dodging
 - Level 13.9 Shields


You had 13 spell levels left.
You didn't know any spells.
Your spell library contained the following spells:

 Spells                   Type           Power      Damage    Failure   Level
 Animate Skeleton         Necr           0%         N/A       96%         1
 Pain                     Necr           0%         1d4       96%         1
 Sandblast                Erth           0%         2d4       96%         1
 Sting                    Tmut/Pois      0%         1d3       96%         1
 Passwall                 Tmut/Erth      0%         N/A       99%         2
 Static Discharge         Conj/Air       0%         N/A       99%         2
 Sublimation of Blood     Necr           0%         N/A       99%         2
 Dazzling Flash           Conj/Hex       0%         N/A       100%        3
 Inner Flame              Hex/Fire       0%         N/A       100%        3
 Mephitic Cloud           Conj/Pois/Air  0%         N/A       100%        3
 Stone Arrow              Conj/Erth      0%         3d7       100%        3
 Vampiric Draining        Necr           0%         2d6       100%        3
 Iskenderun's Mystic Bla  Conj/Tloc      0%         2d3       100%        4
 Petrify                  Tmut/Erth      0%         N/A       100%        4
 Agony                    Necr           0%         N/A       100%        5
 Excruciating Wounds      Necr           0%         N/A       100%        5
 Irradiate                Conj/Tmut      0%         3d13      100%        5
 Lightning Bolt           Conj/Air       0%         1d11      100%        5
 Manifold Assault         Tloc           0%         N/A       100%        5
 Summon Forest            Summ/Tloc      0%         N/A       100%        5
 Eringya's Noxious Bog    Tmut/Pois      0%         N/A       100%        6
 Starburst                Conj/Fire      0%         6d3       100%        6
 Storm Form               Tmut/Air       0%         N/A       100%        7
 Summon Hydra             Summ           0%         N/A       100%        7
 Maxwell's Capacitive Co  Air            0%         ∞         100%        8
 Fire Storm               Conj/Fire      0%         5d1       100%        9
 Blink                    Tloc           Unusable   N/A       N/A         2

Dungeon Overview and Level Annotations

Branches:
Dungeon (11/15)            Temple (1/1) D:4            Lair (4/6) D:11
 Shoals (0/4) Lair:2        Snake (0/4) Lair:4          Orc (0/2) D:11

Altars:
Ashenzari
Cheibriados
Dithmenos
Elyvilon
Fedhas
Gozag
Hepliaklqana
Kikubaaqudgha
Makhleb
Nemelex Xobeh
Okawaru
Qazlal
Ru
Sif Muna
Trog
Uskayaw
Vehumet
Wu Jian
Xom
Yredelemnul
Zin
The Shining One

Shops:
D:1 =   D:4 :*   D:7 :

Annotations:
Lair:4 exclusion: oklob plant


Innate Abilities, Weirdness & Mutations

You cannot be hasted, slowed, berserked, paralysed or teleported.
You can dig through walls and to a lower floor.
You have a pair of large antennae on your head. (SInv)
Your four strong arms can wield two-handed weapons with a shield.
You are agile. (Dex +2)
Your flesh is heat resistant. (rF+)


Message History

Your +5 spectral war axe hits the nine-headed hydra.
Your +5 spectral war axe slices one of the nine-headed hydra's heads off!
The eight-headed hydra grows two more!
The ten-headed hydra bites you. The ten-headed hydra bites you!
The ten-headed hydra bites you but does no damage. x2
The ten-headed hydra bites you! x2
The ten-headed hydra bites you but does no damage.
The ten-headed hydra closely misses you.
The ten-headed hydra bites you but does no damage. x2
You slice one of the ten-headed hydra's heads off!
The nine-headed hydra grows two more!
You slash the 11-headed hydra!
The 11-headed hydra is moderately wounded.
Your +5 spectral war axe barely misses the 11-headed hydra.
You block the 11-headed hydra's attack.
The 11-headed hydra bites you but does no damage.
The 11-headed hydra closely misses you. The 11-headed hydra bites you.
The 11-headed hydra bites you! You block the 11-headed hydra's attack.
The 11-headed hydra barely misses you. x2
The 11-headed hydra bites you but does no damage. x2
The 11-headed hydra bites you!
You are too injured to fight recklessly!
Found a stone staircase leading down.
You enter the shallow water.
Moving in this stuff is going to be slow.
The 11-headed hydra closely misses you. x2
The 11-headed hydra bites you but does no damage. x2
The 11-headed hydra closely misses you. The 11-headed hydra bites you!
You block the 11-headed hydra's attack.
The 11-headed hydra bites you but does no damage.
The 11-headed hydra bites you.
* * * LOW HITPOINT WARNING * * *
The 11-headed hydra bites you but does no damage. x2
The 11-headed hydra bites you but does no damage.
The 11-headed hydra bites you!
* * * LOW HITPOINT WARNING * * *
The 11-headed hydra bites you!
* * * LOW HITPOINT WARNING * * *
The 11-headed hydra bites you but does no damage. x2
The 11-headed hydra barely misses you. x2; The 11-headed hydra bites you!
You die...

...#############......#
...# ###......### ...#
##P.......## ...##
##.........P# ....#
###P≈≈≈≈≈.....#
...#####..≈≈≈≈≈≈≈...##
.........≈≈≈...≈≈≈≈.##
........≈≈≈....PD≈≈..#
†.......≈≈P≈≈...@≈≈..#
<.......≈≈...>...≈≈..#
†.......≈≈......≈≈≈..#
........≈≈≈.≈...)≈≈.##
.÷.......≈≈≈.≈≈≈≈≈!.#
.÷........≈≈≈≈≈≈≈≈..##
...÷.......≈≈≈≈≈.....#
....................##
....................#


You could see a 11-headed hydra.

Vanquished Creatures
  Gastronok (Lair:1)
  2 boulder beetles
  13 death yaks
  A two-headed ogre (D:9)
  Sonja (D:10)
  An oklob plant (D:11)
  Joseph (D:9)
  2 black mambas
  8 cane toads
  2 gargoyles
  4 komodo dragons
  A polar bear (Lair:4)
  3 trolls
  A hornet (D:9)
  2 meliai zombies (D:11)
  A snapping turtle (Lair:2)
  Sigmund (D:5)
  4 wyverns
  A wraith (D:11)
  43 yaks
  2 basilisks
  4 steam dragons
  A naga (Lair:4)
  9 water moccasins
  Duvessa (D:7)
  2 black bears
  8 orc warriors
  2 ice beasts
  4 centaurs
  A phantom (D:5)
  9 wolves
  6 ogres
  5 kobold brigands
  A gnoll sergeant (D:11)
  9 bullfrogs
  A scorpion (D:4)
  Dowan (D:7)
  9 wights
  6 killer bees (D:10)
  7 electric eels (D:6)
  A howler monkey (D:7)
  4 centaur zombies
  2 hounds
  A bullfrog skeleton (D:6)
  6 orc priests
  A centaur skeleton (D:7)
  3 iguanas
  7 orc wizards
  6 hell rats (Lair:2)
  A killer bee zombie (D:6)
  Robin (D:3)
  12 gnolls
  A howler monkey zombie (D:5)
  A howler monkey skeleton (D:7)
  3 adders
  2 white imps
  2 ufetubi (D:5)
  An adder skeleton (D:4)
  2 worms
  3 dart slugs
  23 orcs
  10 endoplasms
  2 giant cockroaches (D:4)
  15 goblins
  4 hobgoblins
  14 jackals
  18 kobolds
  5 quokkas
  A ball python (D:2)
  5 bats
  3 frilled lizards
  11 rats
  A bush (Lair:2)
353 creatures vanquished.

Vanquished Creatures (others)
  A yak (D:10)
  2 orcs (D:6)
  8 fungi
  65 plants
76 creatures vanquished.

Grand Total: 429 creatures vanquished

Notes
Turn   | Place    | Note
-------+----------+-------------------------------------------
     0 | D:1      | riojii the Formicid Fighter began the quest for the Orb.
     0 | D:1      | Reached XP level 1. HP: 18/18 MP: 1/1
   169 | D:1      | Reached XP level 2. HP: 10/24 MP: 2/2
   734 | D:1      | Reached XP level 3. HP: 29/29 MP: 3/3
  1061 | D:1      | Found Enohaikk's Jewellery Boutique.
  1217 | D:2      | Found a faded altar of an unknown god.
  1350 | D:2      | Reached skill level 1 in Dodging
  2072 | D:2      | Identified a scroll of acquirement
  2072 | D:2      | Acquired 620 gold pieces
  2076 | D:2      | Gained mutation: You are frail. (-10% HP) [potion of
                  | mutation]
  2076 | D:2      | Lost mutation: You are frail. (-10% HP) [potion of
                  | mutation]
  2076 | D:2      | Gained mutation: You have hidden genetic defects. [potion
                  | of mutation]
  2077 | D:2      | Lost mutation: You have hidden genetic defects. [potion of
                  | mutation]
  2077 | D:2      | Gained mutation: Your system is resistant to poisons.
                  | (rPois) [potion of mutation]
  2077 | D:2      | Gained mutation: You have hidden genetic potential. [potion
                  | of mutation]
  2077 | D:2      | Lost mutation: Your system is resistant to poisons. (rPois)
                  | [potion of mutation]
  2153 | D:3      | Reached XP level 4. HP: 26/37 MP: 4/4
  2164 | D:3      | Gained mutation: Your flesh is heat resistant. (rF+)
                  | [hidden potential]
  2386 | D:3      | Noticed Robin
  2391 | D:3      | Killed Robin
  2392 | D:3      | Reached XP level 5. HP: 34/42 MP: 5/5
  2416 | D:3      | Gained mutation: You are agile. (Dex +2) [hidden potential]
  2416 | D:3      | Lost mutation: You have hidden genetic potential. [hidden
                  | potential expressed]
  3153 | D:4      | Noticed a black bear
  3157 | D:4      | Killed a black bear
  3158 | D:4      | Reached XP level 6. HP: 46/48 MP: 6/6
  3508 | D:4      | Found Jihyxten's Book Shoppe.
  3610 | D:4      | Found Ychufy's General Store.
  3887 | D:4      | Reached XP level 7. HP: 55/55 MP: 7/7
  4010 | D:4      | Found a staircase to the Ecumenical Temple.
  4431 | Temple   | Entered the Ecumenical Temple
  4789 | Temple   | Became a worshipper of Makhleb the Destroyer
  4859 | D:5      | Entered Level 5 of the Dungeon
  4881 | D:5      | Noticed a yak
  4888 | D:5      | Killed a yak
  4889 | D:5      | Reached skill level 5 in Shields
  4897 | D:5      | Noticed a yak
  4900 | D:5      | Noticed a yak
  4929 | D:4      | Killed a yak
  4930 | D:4      | Reached skill level 5 in Axes
  4930 | D:4      | Reached skill level 5 in Armour
  4930 | D:4      | Reached XP level 8. HP: 16/61 MP: 8/8
  5236 | D:5      | Reached skill level 5 in Fighting
  5345 | D:5      | Got the Tome of Venom and Ignition
  5584 | D:5      | Noticed Sigmund
  5590 | D:5      | Killed Sigmund
  5720 | D:5      | Killed a yak
  6069 | D:6      | Reached XP level 9. HP: 65/69 MP: 9/9
  6300 | D:6      | Reached * piety under Makhleb
  6765 | D:6      | HP: 1/69 [electric eel/bolt of electricity (4)]
  8813 | D:7      | Found a stormy altar of Qazlal.
  8897 | D:7      | Found Sosmevar's Self-Improvement Boutique.
  8994 | D:7      | Noticed Duvessa
  8994 | D:7      | Noticed Dowan
  9003 | D:7      | Killed Duvessa
  9004 | D:7      | Reached XP level 10. HP: 72/77 MP: 10/10
  9009 | D:7      | Killed Dowan
  9622 | D:8      | Reached ** piety under Makhleb
  9708 | D:8      | Reached skill level 5 in Dodging
 10265 | D:8      | Acquired 1045 gold pieces
 10330 | D:7      | Bought a manual of Shields for 1120 gold pieces
 10476 | D:9      | Noticed a two-headed ogre
 10479 | D:9      | Killed a two-headed ogre
 10551 | D:9      | Noticed a gargoyle
 10558 | D:9      | Killed a gargoyle
 10778 | D:9      | Noticed Joseph
 10788 | D:9      | Killed Joseph
 11172 | D:9      | Reached XP level 11. HP: 83/85 MP: 11/11
 11388 | D:9      | You fall into a shaft and drop 2 floors!
 11413 | D:10     | Entered Level 10 of the Dungeon
 11469 | D:10     | Noticed Sonja
 11479 | D:10     | Killed Sonja
 12089 | D:9      | Reached skill level 10 in Axes
 12267 | D:10     | Reached skill level 10 in Shields
 12909 | D:11     | Found a staircase to the Orcish Mines.
 12918 | D:11     | Reached *** piety under Makhleb
 13192 | D:11     | Reached XP level 12. HP: 75/94 MP: 12/12
 13326 | D:11     | Found a staircase to the Lair.
 13353 | D:11     | Noticed a boulder beetle
 13389 | D:11     | Killed a boulder beetle
 13944 | D:11     | Found an ancient bone altar of Kikubaaqudgha.
 14302 | Lair:1   | Entered Level 1 of the Lair of Beasts
 14471 | Lair:1   | Reached **** piety under Makhleb
 14742 | Lair:1   | Noticed Gastronok
 14760 | Lair:1   | Killed Gastronok
 15787 | Lair:2   | Reached XP level 13. HP: 101/103 MP: 13/13
 15804 | Lair:2   | Reached skill level 10 in Armour
 15809 | Lair:2   | Reached skill level 10 in Fighting
 16671 | Lair:2   | Found a staircase to the Shoals.
 17573 | Lair:3   | HP: 3/104 [death yak (10)]
 18099 | Lair:4   | Found a blossoming altar of Fedhas.
 18155 | Lair:4   | Found a staircase to the Snake Pit.
 18433 | Lair:4   | Reached XP level 14. HP: 112/113 MP: 14/14
 18575 | Lair:4   | Slain by an 11-headed hydra

Illustrated notes

Levels and vault maps discovered:
D:1:      minmay_arrival_checkered_box, layout_loops_ring, serial_shops,
          nicolae_shop_statue_plus, st_stairs_2, minmay_small_reverse_x
D:2:      layout_loops_ring, ebering_ecumenical_altar_abandoned,
          kennysheep_pointless_box
D:3:      layout_basic, uniq_robin
D:4:      layout_loops_corners, temple_doors_ab, serial_shops, shop,
          kennysheep_mini
D:5:      layout_basic, uniq_sigmund
D:6:      layout_basic, serial_bayou, serial_bayou_ford_a, serial_bayou_shore_a,
          serial_bayou_lagoon_a, serial_bayou_pond_d, serial_bayou_lake_a,
          serial_bayou_pond_a
D:7:      layout_basic, nicolae_qazlal_eye_of_the_storm, nicolae_shop_self_help,
          uniq_duvessa
D:8:      layout_loops_cross
D:9:      layout_loops_ring, uniq_joseph
D:10:     layout_roguey, uniq_sonja
D:11:     layout_cave_pools, dpeg_oklobed_lair,
          kennysheep_orc_monster_closet_entryway, serial_column_ruins,
          column_ruins_corridor_straight, column_ruins_corridor_corner,
          column_ruins_open_small_water, column_ruins_corridor_water,
          kiku_gazebo_pond_becter
Temple:   compressed_dpeg_triangle_lava_temple
Lair:1:   layout_loops_ring, grunt_megastairs_4, lemuel_fruit_fields,
          serial_bayou_shore_b, serial_bayou_shore_b, serial_bayou_shore_b,
          uniq_gastronok
Lair:2:   layout_roguey, minmay_shoals_entry_hut, infiniplex_staircase_pool_2,
          lemuel_fruit_tree
Lair:3:   layout_long_grid, grunt_megastairs_3
Lair:4:   layout_long_grid, guppyfry_snake_entry_island,
          grunt_forest_small_clearings, tgw_fedhas

Skill      XL: |  1  2  3  4  5  6  7  8  9 10 11 12 13 |
---------------+----------------------------------------+-----
Dodging        | 1 2 3 4 5 6 7 8 |  8.6
Shields        | 4 5 6 7 9 11 12 13 | 13.9
Axes           | 3 4 5 6 7 9 10 12 13 | 13.6
Armour         | 4 5 6 7 8 9 11 | 11.0
Fighting       | 4 5 6 7 8 9 11 | 11.4

Action                   |  1- 3 |  4- 6 |  7- 9 | 10-12 | 13-15 || total
-------------------------+-------+-------+-------+-------+-------++-------
Melee: War axe           |   131 |    66 |   133 |   483 |   225 ||  1038
 Abil: Dig               |       |       |       |     2 |       ||     2
  Use: Scroll            |     6 |     2 |    10 |    12 |       ||    30
       Potion            |     2 |       |     2 |     3 |       ||     7
 Stab: Distracted        |       |       |     3 |     4 |     5 ||    12
       Invisible         |       |       |       |     1 |       ||     1
Armor: Scale mail        |    43 |       |       |       |       ||    43
       Chain mail        |    22 |    34 |    52 |   220 |    80 ||   408
Dodge: Dodged            |    75 |    21 |    32 |   212 |    75 ||   415
Block: Buckler           |    25 |    12 |    34 |   157 |    69 ||   297

Table legend: (Time is in decaauts)
 A = Elapsed time spent in this place.
 B = Non-inter-level travel time spent in this place.
 C = Inter-level travel time spent in this place.
 D = Time resting spent in this place.
 E = Time spent auto-exploring this place.
 F = Levels seen in this place.
 G = Mean time per level.
                   A        B        C        D        E       F      G
               +--------+--------+--------+--------+--------+-----+--------+
         Total |  18745 |  18123 |    622 |   1819 |  13741 |  16 | 1171.6 |
       Dungeon |  14118 |  13568 |    550 |   1101 |  10512 |  11 | 1283.5 |
        Temple |    371 |    330 |     41 |      0 |    316 |   1 |  371.0 |
          Lair |   4255 |   4225 |     30 |    718 |   2913 |   4 | 1063.8 |
               +--------+--------+--------+--------+--------+-----+--------+

Top non-repeatable levels by time:
     D:6: 2137 daAuts
     D:4: 1632 daAuts
     D:7: 1529 daAuts
     D:9: 1382 daAuts
    D:10: 1340 daAuts
  Lair:1: 1330 daAuts
     D:1: 1248 daAuts
  Lair:2: 1241 daAuts
    D:11: 1215 daAuts
  Lair:3: 1177 daAuts
     D:3: 1023 daAuts
     D:2: 942 daAuts
     D:5: 894 daAuts
     D:8: 771 daAuts
  Lair:4: 505 daAuts
